 Dungeon Crawl Stone Soup version 0.17-a0-2115-g0d8b93e (webtiles) character file.

152 Clownie the Sneak (level 5, 0/32 HPs)
             Began as a Gargoyle Monk on Oct 20, 2015.
             Slain by an ogre
             ... wielding a +0 giant club
              (7 damage)
             ... on level 4 of the Dungeon.
             The game lasted 00:05:40 (2559 turns).

Clownie the Sneak (Gargoyle Monk)                   Turns: 2559, Time: 00:05:40

Health: 0/32       AC: 10    Str: 15    XL:     5   Next: 34%
Magic:  5/5        EV:  6    Int: 13    God:
Gold:   165        SH:  0    Dex: 13    Spells: 0 memorised, 4 levels left

rFire  . . .     SeeInvis .       - Unarmed
rCold  . . .     Clarity  .     y - +0 ring mail
rNeg   + . .     SustAt   .     (no shield)
rPois  ∞         Gourm    .     (no helmet)
rElec  +         Spirit   .     (no cloak)
rCorr  .         Warding  .     m - +0 pair of gloves
rMut   .         Stasis   .     (no boots)
MR     .....                    (no amulet)
Stlth  ++........               (no ring)
                                C - +3 ring of intelligence

@: not resistant to hostile enchantments, unstealthy
A: negative energy resistance 1, electricity resistance, unbreathing,
petrification resistance, rot immunity, AC +4
a: no special abilities


You were on level 4 of the Dungeon.
You were hungry.

You visited 1 branch of the dungeon, and saw 4 of its levels.

You collected 165 gold pieces.

Inventory:

Armour
 a - a +0 robe
 m - a +0 pair of gloves (worn)
 t - a +0 ring mail
 y - a +0 ring mail (worn)
Jewellery
 C - a +3 ring of intelligence (left hand)
Scrolls
 e - 3 scrolls of identify {unknown}
 f - a scroll of blinking {unknown}
 g - a scroll of amnesia {unknown}
 h - a scroll of teleportation {unknown}
 j - a scroll of fear {unknown}
 l - a scroll of fog {unknown}
 q - 3 scrolls of remove curse {unknown}
 s - a scroll of magic mapping {unknown}
 u - a scroll of random uselessness {unknown}
 w - 2 scrolls of enchant weapon {unknown}
 z - a scroll of enchant armour {unknown}
 B - 2 scrolls of immolation {unknown}
Potions
 c - a potion of invisibility {unknown}
 k - a potion of mutation {unknown}
 n - a potion of degeneration {unknown}
 o - a potion of might {unknown}
 p - a potion of cure mutation {unknown}
 r - a potion of flight {unknown}
 v - a potion of magic {unknown}
 x - a potion of poison {unknown}
 D - a potion of heal wounds {unknown}
Comestibles
 b - 2 bread rations
 d - 2 slices of pizza
 i - a meat ration


   Skills:
 - Level 3.4 Fighting
 + Level 3.0 Armour
 - Level 2.6 Dodging
 - Level 4.7 Stealth
 - Level 4.1 Unarmed Combat


You had 4 spell levels left.
You didn't know any spells.

Dungeon Overview and Level Annotations

Branches:
Dungeon (4/15)
 Temple: D:4-7

Altars:


Innate Abilities, Weirdness & Mutations

You are resistant to torment.
Your stone body is resilient (AC +4).
You are immune to poison.
You resist negative energy.
You are resistant to electric shocks.
You can survive without breathing.
You are immune to petrification.
You are immune to rotting.


Message History

Done exploring.
Eat which item? (? for menu, Esc to quit)
Okay, then.
(D) Dungeon
Where to? (Enter - D:3, ? - help)
You see here a club.
There is a stone staircase leading down here.
You climb downwards.
An ogre comes into view. It is wielding a giant club.
Found a meat ration.
There is a stone staircase leading up here.
The ogre hits you with a giant club!!
Ouch! That really hurt!
* * * LOW HITPOINT WARNING * * *
You are too injured to fight recklessly!
You are too injured to fight recklessly!
You are too injured to fight recklessly!
There is a stone staircase leading up here.
The ogre hits you with a giant club!
You die...

##########
##........##
#..........#
###..........#
#.....@O.%..##
#.###.######....
#.. ### #..# #.#
.. .# #.


You could see an ogre.

Vanquished Creatures
  Ijyb (D:3)
  3 adders (D:2)
  3 oozes
  2 worms
  2 giant geckos
  2 orcs (D:3)
  2 ball pythons
  7 bats
  2 giant cockroaches (D:2)
  12 goblins
  8 hobgoblins
  10 jackals
  2 giant newts
  11 kobolds
  2 quokkas (D:2)
  7 rats
76 creatures vanquished.

Notes
Turn   | Place    | Note
--------------------------------------------------------------
     0 | D:1      | Clownie the Gargoyle Monk began the quest for the Orb.
     0 | D:1      | Reached XP level 1. HP: 14/14 MP: 1/1
    41 | D:1      | Reached XP level 2. HP: 10/19 MP: 2/2
   456 | D:1      | Reached XP level 3. HP: 23/23 MP: 3/3
  1097 | D:2      | Reached XP level 4. HP: 17/28 MP: 4/4
  1590 | D:2      | Reached skill level 1 in Armour
  1860 | D:3      | Noticed Ijyb
  1901 | D:3      | Killed Ijyb
  1901 | D:3      | Reached XP level 5. HP: 21/32 MP: 5/5
  2552 | D:4      | Noticed an ogre
  2559 | D:4      | Slain by an ogre

Vault maps used:
D:1:      erik_arrival_gehennom, st_stairs_7, hangedman_feature_mirror,
          minmay_box_of_dots
D:2:      first_bread
D:3:      uniq_iyjb
D:4:      gammafunk_temple_overflow_wave

Action                   |  1- 3 |  4- 6 || total
-------------------------+-------+-------++-------
Melee: Unarmed           |   128 |   195 ||   323
 Stab: Sleeping          |     5 |    11 ||    16
       Distracted        |     1 |     1 ||     2
  Eat: Chunk             |       |     5 ||     5
